 Dungeon Crawl Stone Soup version 0.31.0 (webtiles) character file.

Game seed: 1196812875496141111

490 qw the Shooter (level 7, -7/44 HPs)
             Began as a Gargoyle Hunter on Jan 19, 2024.
             Mangled by an ogre
             ... wielding a +0 giant spiked club
              (22 damage)
             ... on level 4 of the Dungeon.
             The game lasted 00:00:17 (2593 turns).

qw the Shooter (Gargoyle Hunter)                    Turns: 2593, Time: 00:00:18

Health: -7/44      AC: 10    Str: 15    XL:     7   Next: 14%
Magic:  7/7        EV: 11    Int:  9    God:
Gold:   86         SH:  0    Dex: 15    Spells: 6/6 levels left

rFire   . . .        a - +2 shortbow
rCold   . . .        (shield currently unavailable)
rNeg    + . .        d - +0 ring mail
rPois   inf          (no helmet)
rElec   +            (no cloak)
rCorr   .            (no gloves)
SInv    +            (no boots)
Will    .....        (no amulet)
Stlth   +            c - ring of see invisible
HPRegen 0.27/turn    (no ring)
MPRegen 0.10/turn

%: no passive effects
@: no status effects
A: sickness immunity, AC +4, negative energy resistance 1, electricity
resistance, torment resistance 1, petrification resistance
a: no special abilities


You were on level 4 of the Dungeon.
You visited 1 branch of the dungeon, and saw 4 of its levels.

You collected 86 gold pieces.


Innate Abilities, Weirdness & Mutations

You are immune to sickness and miasma.
Your stone body is resilient. (AC +4)
You are immune to poison.
You resist negative energy. (rN+)
You are resistant to electric shocks. (rElec)
You are resistant to unholy torment.
You are immune to petrification.


   Skills:
 - Level 5.1 Fighting
 + Level 7.0 Ranged Weapons
 - Level 1.1 Armour
 - Level 1.5 Dodging
 - Level 1.1 Stealth


You had 6 spell levels left.
You didn't know any spells.
Your spell library was empty.

Inventory:

Hand Weapons
 a - a +2 shortbow (weapon)
Armour
 b - a +0 pair of gloves
 d - a +0 ring mail (worn)
Jewellery
 c - a ring of see invisible (left hand)
Potions
 f - a potion of haste
 j - a potion of heal wounds {unknown}

Dungeon Overview and Level Annotations

Branches:
Dungeon (4/15)
 Temple: D:4-7

Altars:
Nemelex Xobeh


Message History

Found a stone staircase leading down.
There is a stone staircase leading down here.
You open the door.
Found a scroll of butterflies.
There is an open door here.
Enter note:
Enter note:
Found a quarterstaff.
An endoplasm comes into view.
Found a pair of gloves.
You shoot an arrow. The arrow hits the endoplasm.
The endoplasm is moderately wounded.
You shoot an arrow. The arrow hits the endoplasm!
You kill the endoplasm!
Found a book of the Senses.
b - a +0 pair of gloves You now have 86 gold pieces (gained 12).
Found a stone staircase leading down.
An ogre comes into view. It is wielding a +0 giant spiked club.
You see here a potion of curing.
You shoot an arrow. The arrow hits the ogre.
The ogre is lightly wounded.
You shoot an arrow. The arrow hits the ogre.
The ogre is lightly wounded.
You shoot an arrow. The arrow hits the ogre.
The ogre is moderately wounded.
You shoot an arrow. The arrow hits the ogre.
The ogre is moderately wounded.
The ogre barely misses you.
You shoot an arrow. The arrow hits the ogre!
The ogre is severely wounded.
The ogre hits you with a +0 giant spiked club!
You shoot an arrow. The arrow barely misses the ogre.
The ogre hits you with a +0 giant spiked club!
You shoot an arrow. The arrow hits the ogre.
The ogre is almost dead.
You shoot an arrow. The arrow completely misses the ogre.
The ogre hits you with a +0 giant spiked club!!
Ouch! That really hurt!
You die...

..... #### #...#
##..? #...# #....#
...# #....# ...+
##...# #..# . ##
#....###O.##.... .##
#.......@....... ..#
#.....>......... ..#
##....###.###...
.########.....###.# .
.##.:...#...........
....................
........##.....##...+
###.....######## ...#
.##.....## .


You could see an ogre.

Vanquished Creatures
  Sigmund (D:3)
  A scorpion (D:3)
  An orc priest (D:3)
  2 iguanas (D:3)
  An orc wizard (D:3)
  4 gnolls
  4 adders
  3 dart slugs
  3 ribbon worms
  6 orcs
  7 ball pythons
  4 endoplasms
  4 giant cockroaches
  8 goblins
  5 hobgoblins
  4 quokkas
  4 bats
  6 frilled lizards
  7 kobolds
  7 rats
82 creatures vanquished.

Notes
Turn   | Place    | Note
-------+----------+-------------------------------------------
     0 | D:1      | qw the Gargoyle Hunter began the quest for the Orb.
     0 | D:1      | Reached XP level 1. HP: 12/12 MP: 1/1
     0 | D:1      | 0 ||| qw: Version: 0.3-a-132-g3d54051
     0 | D:1      | 0 ||| qw: Game counter: 336
     0 | D:1      | 0 ||| qw: Melee chars always use a shield: true
     0 | D:1      | 0 ||| qw: God list: Okawaru
     0 | D:1      | 0 ||| qw: Allow faded altars: false
     0 | D:1      | 0 ||| qw: Do Orc after clearing Dungeon:15 true
     0 | D:1      | 0 ||| qw: Do second Lair branch before Depths: true
     0 | D:1      | 0 ||| qw: Lair rune preference: random
     0 | D:1      | 0 ||| qw: Goals: Normal
     0 | D:1      | 0 ||| PLANNING D:1-11
    67 | D:1      | Reached XP level 2. HP: 17/17 MP: 2/2
   538 | D:1      | 538 ||| UPGRADING to +0 ring mail.
   548 | D:1      | 548 ||| DROPPING +0 leather armour.
   549 | D:1      | 549 ||| READING scroll labelled PASHACZ GATHRUSOL.
   550 | D:1      | 550 ||| DRINKING 2 emerald potions.
   551 | D:1      | 551 ||| DROPPING scroll of butterflies.
   574 | D:2      | 574 ||| STAIRDANCE
   580 | D:1      | Reached XP level 3. HP: 17/21 MP: 3/3
   600 | D:2      | 600 ||| STAIRDANCE
   664 | D:2      | Reached skill level 1 in Armour
   672 | D:2      | Reached skill level 5 in Ranged Weapons
   847 | D:2      | Reached skill level 3 in Fighting
   847 | D:2      | Reached XP level 4. HP: 28/28 MP: 4/4
   992 | D:2      | 992 ||| READING scroll labelled CAFEANW GEBBO.
   993 | D:2      | 993 ||| READING scroll labelled HEAPA DETI.
   994 | D:2      | 994 ||| FLEEEEING.
  1104 | D:2      | 1104 ||| READING scroll labelled TURAUKHL BUTAL.
  1104 | D:2      | 1104 ||| IDENTIFYING fizzy cyan potion
  1105 | D:2      | 1105 ||| DROPPING potion of attraction.
  1173 | D:3      | 1173 ||| FLEEEEING.
  1181 | D:3      | 1181 ||| STAIRDANCE
  1198 | D:2      | 1198 ||| UPGRADING to ring of see invisible.
  1199 | D:2      | 1199 ||| READING scroll labelled EMUH YSHRUBETO.
  1238 | D:3      | 1238 ||| FLEEEEING.
  1239 | D:3      | 1239 ||| FLEEEEING.
  1240 | D:3      | 1240 ||| FLEEEEING.
  1241 | D:3      | 1241 ||| FLEEEEING.
  1242 | D:3      | 1242 ||| FLEEEEING.
  1243 | D:3      | 1243 ||| FLEEEEING.
  1244 | D:3      | 1244 ||| FLEEEEING.
  1245 | D:3      | 1245 ||| FLEEEEING.
  1248 | D:3      | 1248 ||| FLEEEEING.
  1249 | D:3      | 1249 ||| FLEEEEING.
  1250 | D:3      | 1250 ||| FLEEEEING.
  1251 | D:3      | 1251 ||| FLEEEEING.
  1252 | D:3      | 1252 ||| FLEEEEING.
  1255 | D:3      | 1255 ||| STAIRDANCE
  1279 | D:3      | 1279 ||| STAIRDANCE
  1289 | D:3      | 1289 ||| STAIRDANCE
  1298 | D:2      | 1298 ||| FLEEEEING.
  1341 | D:3      | Reached XP level 5. HP: 32/32 MP: 5/5
  1419 | D:3      | 1419 ||| READING scroll labelled XEXOTI DESIRGHA.
  1419 | D:3      | 1419 ||| ENCHANTING +0 shortbow.
  1477 | D:3      | Reached skill level 6 in Ranged Weapons
  1477 | D:3      | 1477 ||| FLEEEEING.
  1668 | D:3      | Noticed Sigmund
  1670 | D:3      | 1670 ||| DRINKING fuming emerald potion.
  1671 | D:3      | 1671 ||| DRINKING viscous orange potion.
  1672 | D:3      | 1672 ||| DRINKING black potion.
  1680 | D:3      | Killed Sigmund
  1681 | D:3      | Reached XP level 6. HP: 28/40 MP: 6/6
  1688 | D:3      | 1688 ||| FLEEEEING.
  1689 | D:3      | 1689 ||| FLEEEEING.
  1690 | D:3      | 1690 ||| FLEEEEING.
  1691 | D:3      | 1691 ||| FLEEEEING.
  1692 | D:3      | 1692 ||| STAIRDANCE
  1698 | D:2      | 1698 ||| STAIRDANCE
  1730 | D:3      | 1730 ||| STAIRDANCE
  1765 | D:3      | 1765 ||| STAIRDANCE
  1767 | D:2      | 1767 ||| FLEEEEING.
  1771 | D:2      | 1771 ||| STAIRDANCE
  2007 | D:3      | 2007 ||| READING scroll of enchant weapon.
  2007 | D:3      | 2007 ||| ENCHANTING +1 shortbow.
  2160 | D:3      | Found a sparkling altar of Nemelex Xobeh.
  2212 | D:3      | Reached XP level 7. HP: 40/44 MP: 7/7
  2337 | D:3      | Reached skill level 7 in Ranged Weapons
  2339 | D:3      | 2339 ||| FLEEEEING.
  2593 | D:4      | Mangled by an ogre

Levels and vault maps discovered:
D:1:      psy_arrival_fountain, layout_rooms
D:2:      layout_rooms
D:3:      minmay_diamond_boxcup, layout_rooms, nemelex_altar_shiori,
          serial_co_window_serial, co_window_paths_a,
          co_window_of_opportunity_a, co_window_paths_a, co_window_corner_a,
          co_window_corner_a, co_window_corner_ca, co_window_corner_cb,
          co_window_broadway_a, co_window_broadway_c, co_window_paths_d,
          glass_columns_a, glass_columns_b, glass_columns_b, glass_columns_c,
          glass_columns_b, nrook_loot_triangle, uniq_sigmund
D:4:      layout_gridville, regret_index_xom_buried_treasure,
          old_standard_altar, minmay_quantized, uniq_duvessa

Skill      XL: |  1  2  3  4  5  6  7 |
---------------+----------------------+-----
Armour         | 1 |  1.1
Ranged Weapons | 5 6 7 |  7.0
Fighting       | 3 5 |  5.1
Dodging        | |  1.5
Stealth        | |  1.1

Action                     |  1- 3 |  4- 6 |  7- 9 || total
---------------------------+-------+-------+-------++-------
   Fire: Shortbow          |   131 |   147 |    43 ||   321
    Use: Scroll            |     1 |     6 |       ||     7
         Potion            |     1 |     3 |       ||     4
 Armour: Leather armour    |    17 |       |       ||    17
         Ring mail         |    18 |    67 |    16 ||   101
  Dodge: Dodged            |    40 |    62 |    12 ||   114

Table legend:
 A = Non-vault XP
 B = Vault XP
 C = Vault XP percentage of total XP
 D = Non-vault monster count
 E = Vault monster count
 F = Vault count percentage of total count
                 A         B        C        D         E       F
            +---------+---------+-------+---------+---------+-------
      Total |     421 |     279 |  39.9 |      72 |      10 |  12.2
            +---------+---------+-------+---------+---------+-------
        D:1 |      37 |       0 |   0.0 |      24 |       0 |   0.0
        D:2 |      74 |       0 |   0.0 |      19 |       0 |   0.0
        D:3 |     308 |     279 |  47.5 |      28 |      10 |  26.3
        D:4 |       2 |       0 |   0.0 |       1 |       0 |   0.0
            +---------+---------+-------+---------+---------+-------
